 Dungeon Crawl Stone Soup version 0.24-a0-205-g1d96822 (webtiles) character file.

Game seed: 12519336725886613557

8343 xeno23 the Covert (level 11, -3/72 HPs)
             Began as an Octopode Assassin on Mar 28, 2019.
             Was a Believer of Ashenzari.
             Killed from afar by a gargoyle (26 damage)
             ... with a stone arrow
             ... on level 10 of the Dungeon.
             The game lasted 01:15:06 (11847 turns).

xeno23 the Covert (Octopode Assassin)              Turns: 11847, Time: 01:15:06

Health: -3/72      AC:  3    Str: 11    XL:     11   Next: 29%
Magic:  17/20      EV: 16    Int: 14    God:    Ashenzari [**....]
Gold:   71         SH:  0    Dex: 16    Spells: 15/22 levels left

rFire    . . .     SeeInvis .     - Blade Hands
rCold    . . .     Gourm    .   (shield currently unavailable)
rNeg     + . .     Faith    .   (helmet restricted)
rPois    .         Spirit   .   (no amulet)
rElec    .         Reflect  .   r - ring of positive energy (curse)
rCorr    .         Harm     .   (no ring)
MR       .....                  (no ring)
Stlth    ++++++....             (no ring)
HPRegen  0.22/turn              (no ring)
MPRegen  0.17/turn              (no ring)
                                (no ring)
                                (no ring)

@: lethally poisoned (-3 -> -6), blade tentacles
A: almost no armour, stealthy swim, amphibious, 8 rings, constrict 8, thin
metallic scales 1, camouflage 2, gelatinous body 1, MP-powered wands
a: End Transformation, Curse Item, Scrying, Renounce Religion


You were on level 10 of the Dungeon.
You worshipped Ashenzari.
Ashenzari was pleased with you.
You were very hungry.
You had blades for tentacles.
You visited 3 branches of the dungeon, and saw 12 of its levels.

You collected 346 gold pieces.
You spent 275 gold pieces at shops.

Inventory:

Hand Weapons
 a - a +2 dagger of freezing (melded)
 b - a +0 blowgun
 d - a +0 hunting sling
 p - a +0 rapier
Missiles
 c - 28 poisoned needles
 i - 63 sling bullets
 k - 4 needles of frenzy
 l - 5 curare-tipped needles
 z - 8 javelins (quivered)
 A - 35 arrows
Armour
 m - a cursed +0 buckler (melded)
Jewellery
 r - a cursed ring of positive energy (left scythe-like blade)
Wands
 t - a wand of polymorph (5)
 D - a wand of flame (9)
 F - a wand of iceblast (8)
Scrolls
 j - 2 scrolls of enchant weapon
 n - 3 scrolls of fear
 q - 3 scrolls of teleportation
 u - 2 scrolls of magic mapping {unknown}
 v - 2 scrolls of torment {unknown}
 y - a scroll of amnesia {unknown}
Potions
 e - 2 potions of curing
 g - a potion of might
 h - 2 potions of magic
 o - a potion of agility
 s - 2 potions of brilliance
 w - a potion of heal wounds
 x - a potion of cancellation
Miscellaneous
 B - a phantom mirror
 C - a sack of spiders
Comestibles
 f - 18 rations
 E - 6 chunks of flesh


   Skills:
 * Level 5.2 Fighting
 + Level 7.1 Short Blades
 - Level 4.0 Throwing
 + Level 4.6 Dodging
 + Level 9.9 Stealth
 - Level 4.0(5.3) Shields
 - Level 6.0 Spellcasting
 * Level 9.7 Transmutations
 + Level 0.7 Evocations


You had 15 spell levels left.
You knew the following spells:

 Your Spells              Type           Power        Failure   Level  Hunger
a - Blade Hands           Tmut           ####......   41%         5    ######.
b - Sticks to Snakes      Tmut           ####....     11%         2    #......

Your spell library contained the following spells:

 Spells                   Type           Power        Failure   Level  Hunger
 Beastly Appendage        Tmut           ####..       10%         1    None
 Spider Form              Tmut/Pois      ###.......   36%         3    ###....
 Ice Form                 Ice/Tmut       ###.....     65%         4    ####...


Dungeon Overview and Level Annotations

Branches:
Dungeon (10/15)            Temple (1/1) D:4            Lair (1/6) D:8
    Orc: D:9-12

Altars:
Ashenzari
Cheibriados
Dithmenos
Elyvilon
Fedhas
Gozag
Hepliaklqana
Kikubaaqudgha
Makhleb
Nemelex Xobeh
Okawaru
Qazlal
Ru
Sif Muna
Trog
Uskayaw
Vehumet
Wu Jian
Xom
Yredelemnul
Zin
The Shining One

Shops:
D:7 :

Portals:
Trove: D:10 (give +6 demon trident)

Annotations:
D:8 3 runed translucent doors, Anon1729's ghost, novice OpFi
Lair:1 exclusion: black mamba


Innate Abilities, Weirdness & Mutations

You cannot wear most types of armour.
You are very stealthy in the water. (Stealth+)
You are amphibious.
You can wear up to eight rings at the same time.
You can use your tentacles to constrict eight enemies at once.
Your skin blends seamlessly with your surroundings (Stealth++).
Your rubbery body absorbs attacks. (AC +1, EV +1)
You are partially covered in thin metallic scales. (AC +2)
You expend magic power (3 MP) to strengthen your wands.


Message History

You hit the gargoyle but do no damage. You grab the gargoyle.
You squeeze the gargoyle.
The gargoyle is lightly damaged.
You constrict the gargoyle.
You feel sick.
The gargoyle hits you with a +0 morningstar!
You take 16 damage.
You hit the gargoyle but do no damage.
The gargoyle is moderately damaged.
You constrict the gargoyle.
You feel sick. The gargoyle barely misses you.
You take 1 damage.
You hit the gargoyle but do no damage.
The gargoyle is moderately damaged.
You constrict the gargoyle.
You feel sick. The gargoyle barely misses you.
You take 1 damage.
You hit the gargoyle.
The gargoyle is heavily damaged.
You constrict the gargoyle.
You feel sick.
The gargoyle hurls a stone arrow at you.
The stone arrow hits you!!
You die...

#### * * * ...# ,* ...# * ...# *
* ##...# ##### , ...# ###. ,,
...,.# #....!. ...###....** ..#
.##........ .......#* *###.#
**............ ...#.### #...*
##.#..........
.......#####.#####..#..........*
...#.#..........@9K##..........
...#.##..##....###F(>..........
..†.....##..#### ###.....)....#
##......#..## ##((........
##.#.##...# #..(.......
#....###..# #..?.....o.
..........# #..........
.......##..# *** #.......... ,
........##.#* ,* ##........#*


You could see a gargoyle, a bullfrog and a kobold.

Vanquished Creatures
  A hydra (D:8)
  3 komodo dragons (Lair:1)
  A warg (D:8)
  2 hippogriffs (Lair:1)
  3 yaks (D:6)
  Sigmund (D:2)
  A steam dragon (D:8)
  2 hungry ghosts
  A water moccasin (Lair:1)
  2 porcupines (Lair:1)
  2 orc warriors
  2 ice beasts
  2 sky beasts
  6 wolves
  4 ogres
  2 phantoms
  4 centaurs
  3 crocodiles (Lair:1)
  2 big kobolds
  3 bullfrogs
  2 jellies
  3 scorpions
  13 killer bees
  5 wights (D:9)
  A howler monkey (D:5)
  A bullfrog zombie (D:5)
  4 crimson imps
  8 orc priests
  A bullfrog skeleton (D:5)
  2 hounds
  3 centaur skeletons
  Jessica (D:2)
  4 iguanas
  8 orc wizards
  9 worker ants
  A hound skeleton (D:7)
  A hound zombie (D:8)
  11 gnolls
  17 adders
  2 shadow imps
  An ooze (D:1)
  A worm (D:3)
  5 dart slugs
  10 leopard geckos
  32 orcs
  2 ball pythons
  3 giant cockroaches
  6 goblins
  13 hobgoblins
  12 jackals
  2 quokkas
  A ball python skeleton (D:6)
  10 bats
  5 frilled lizards
  2 jackal skeletons
  13 kobolds
  7 rats
269 creatures vanquished.

Vanquished Creatures (collateral kills)
  A killer bee (D:8)
1 creature vanquished.

Vanquished Creatures (others)
  A warg (D:8)
  A killer bee (D:8)
2 creatures vanquished.

Grand Total: 272 creatures vanquished

Notes
Turn   | Place    | Note
-------+----------+-------------------------------------------
     0 | D:1      | xeno23 the Octopode Assassin began the quest for the Orb.
     0 | D:1      | Reached XP level 1. HP: 14/14 MP: 1/1
    64 | D:1      | Reached XP level 2. HP: 7/19 MP: 2/2
   375 | D:1      | Reached XP level 3. HP: 24/24 MP: 3/3
   797 | D:2      | Noticed Sigmund
   866 | D:2      | Reached XP level 4. HP: 28/29 MP: 4/4
  1213 | D:2      | Reached XP level 5. HP: 34/34 MP: 5/5
  1275 | D:2      | Found a faded altar of an unknown god.
  1539 | D:3      | Found an ornate altar of the Wu Jian Council.
  1574 | D:3      | Found a stormy altar of Qazlal.
  2016 | D:4      | Reached skill level 1 in Shields
  2026 | D:4      | Found a deep blue altar of Sif Muna.
  2083 | D:4      | Found a staircase to the Ecumenical Temple.
  2129 | D:4      | Reached XP level 6. HP: 19/41 MP: 6/6
  2557 | Temple   | Entered the Ecumenical Temple
  2701 | Temple   | Became a worshipper of Ashenzari the Shackled
  2748 | D:4      | HP: 2/41 [centaur skeleton (2)]
  3327 | D:4      | Reached XP level 7. HP: 26/45 MP: 7/7
  3880 | D:2      | Killed Sigmund
  3931 | D:2      | Noticed Jessica
  3936 | D:2      | Killed Jessica
  4152 | D:5      | Entered Level 5 of the Dungeon
  4276 | D:5      | Reached XP level 8. HP: 48/52 MP: 8/8
  4461 | D:5      | Gained mutation: You are partially covered in thin metallic
                  | scales. (AC +2) [potion of mutation]
  4461 | D:5      | Gained mutation: Your skin blends seamlessly with your
                  | surroundings (Stealth++). [potion of mutation]
  4461 | D:5      | Gained mutation: You expend magic power (3 MP) to
                  | strengthen your wands. [potion of mutation]
  5004 | D:6      | Noticed a yak
  5005 | D:6      | Noticed a yak
  5006 | D:6      | Noticed a yak
  5027 | D:5      | Reached skill level 5 in Short Blades
  5470 | D:6      | Reached * piety under Ashenzari
  5700 | D:6      | HP: 2/54 [orc priest/nerve-wracking pain (3)]
  6556 | D:6      | Killed a yak
  6556 | D:6      | Reached XP level 9. HP: 25/59 MP: 9/9
  6886 | D:7      | Found Rooduysm's Book Emporium.
  6892 | D:7      | Bought a book of Changes for 275 gold pieces
  6898 | D:7      | Learned a level 5 spell: Blade Hands
  7125 | D:7      | Found a burning altar of Makhleb.
  7125 | D:7      | Found an opulent altar of Gozag.
  7302 | D:7      | Reached skill level 1 in Transmutations
  7703 | D:7      | Reached skill level 1 in Spellcasting
  7801 | D:8      | Noticed a six-headed hydra
  7803 | D:8      | Killed a six-headed hydra
  7853 | D:8      | Reached XP level 10. HP: 37/65 MP: 14/14
  7862 | D:8      | Reached skill level 5 in Transmutations
  8163 | D:8      | Found a staircase to the Lair.
  8548 | D:8      | Found a runed translucent gate.
  8549 | D:8      | Found a runed translucent gate.
  8549 | D:8      | Found a runed translucent gate.
  8552 | D:8      | Noticed Anon1729's ghost (novice OpFi)
  8585 | D:8      | Reached ** piety under Ashenzari
  9270 | D:8      | HP: 3/65 [poisoned by a killer bee]
  9278 | D:8      | HP: 3/65 [poisoned by a killer bee]
  9286 | D:8      | HP: 3/65 [poisoned by a killer bee]
  9798 | Lair:1   | Entered Level 1 of the Lair of Beasts
 10441 | Lair:1   | Reached skill level 5 in Spellcasting
 10506 | Lair:1   | Noticed a black mamba
 10650 | Lair:1   | Reached XP level 11. HP: 64/70 MP: 19/19
 11059 | D:9      | Learned a level 2 spell: Sticks to Snakes
 11189 | D:9      | Found a hazy altar of Hepliaklqana.
 11436 | D:9      | Reached skill level 5 in Fighting
 11761 | D:10     | Entered Level 10 of the Dungeon
 11805 | D:10     | Found a portal to a secret trove of treasure.
 11847 | D:10     | Killed from afar by a gargoyle

Levels and vault maps discovered:
D:1:      roderic_dead_forest, layout_basic, chequers_serial_rivers_small_b
D:2:      layout_loops_ring, first_ration,
          chequers_ecumenical_altar_simple_redux, fountainhead, minmay_domino_4,
          uniq_jessica, uniq_sigmund
D:3:      layout_rooms, lemuel_crystal_altar, grunt_qazlal_sundering,
          minmay_close_crescents
D:4:      layout_basic, led_sif_pool, minmay_temple_entry_gardened_gates,
          st_stairs_8
D:5:      layout_gridville
D:6:      layout_basic, minmay_misc_feat_nine_boxes
D:7:      layout_rooms, grunt_temple_overflow_open, serial_shops, shop
D:8:      layout_loops_corners, erik_lair_orcish_takeover,
          gammafunk_ghost_spectres
D:9:      layout_roguey, kennysheep_mini_moat, blue_anna_alchemist
          [blue_anna_fruit_fields, blue_anna_fruit_fields]
D:10:     layout_rooms, enter_trove_0
Temple:   nicolae_temple_elliptical
Lair:1:   layout_cave_pods, fungi_pond_lemuel, infiniplex_staircase_pool_2

Skill      XL: |  1  2  3  4  5  6  7  8  9 10 11 |
---------------+----------------------------------+-----
Stealth        | 6 7 8 9 |  9.9
Short Blades   | 3 4 6 7 |  7.1
Shields        | 1 2 3 4 |  4.0
Dodging        | 2 3 4 |  4.6
Fighting       | 3 4 5 |  5.2
Throwing       | 3 4 |  4.0
Transmutations | 4 8 9 |  9.7
Spellcasting   | 3 5 6 |  6.0
Evocations     | |  0.7

Action                   |  1- 3 |  4- 6 |  7- 9 | 10-12 || total
-------------------------+-------+-------+-------+-------++-------
Melee: Dagger            |    58 |    83 |   243 |   146 ||   530
       Tentacles         |     6 |    35 |    48 |    37 ||   126
       Constrict         |     5 |    41 |    43 |    30 ||   119
       Hand axe          |       |    29 |       |       ||    29
       Rapier            |       |    33 |    13 |       ||    46
       Unarmed           |       |       |       |    85 ||    85
       Blowgun           |       |       |       |     1 ||     1
 Fire: Hunting sling     |       |     4 |    46 |       ||    50
       Blowgun           |       |    11 |    54 |    56 ||   121
 Cast: Blade Hands       |       |       |       |    13 ||    13
Invok: Curse Item        |       |       |     2 |       ||     2
Evoke: Wand              |       |       |       |     2 ||     2
  Use: Scroll            |       |     9 |     4 |     4 ||    17
       Potion            |       |     2 |     2 |     2 ||     6
 Stab: Sleeping          |    15 |    12 |    23 |    22 ||    72
       Distracted        |       |     2 |     4 |     3 ||     9
  Eat: Chunk             |       |     7 |    12 |    10 ||    29
       Ration            |       |       |     1 |     2 ||     3
Armor: Skin              |     3 |     7 |    11 |    13 ||    34
Dodge: Dodged            |    33 |    94 |    95 |   166 ||   388
Block: Buckler           |       |     6 |    42 |    30 ||    78

Table legend:
 A = Non-vault XP
 B = Vault XP
 C = Vault XP percentage of total XP
 D = Non-vault monster count
 E = Vault monster count
 F = Vault count percentage of total count
                 A         B        C        D         E       F
            +---------+---------+-------+---------+---------+-------
      Total |   11152 |     767 |   6.4 |     253 |      17 |   6.3
            +---------+---------+-------+---------+---------+-------
        D:1 |      62 |       0 |   0.0 |      26 |       0 |   0.0
        D:2 |     113 |     263 |  69.9 |      27 |       5 |  15.6
        D:3 |      47 |      11 |  19.0 |      16 |       5 |  23.8
        D:4 |     530 |       0 |   0.0 |      29 |       0 |   0.0
        D:5 |     541 |       0 |   0.0 |      24 |       0 |   0.0
        D:6 |    1302 |       0 |   0.0 |      26 |       0 |   0.0
        D:7 |     660 |       0 |   0.0 |      18 |       0 |   0.0
        D:8 |    3513 |     390 |  10.0 |      44 |       6 |  12.0
        D:9 |    1509 |     103 |   6.4 |      21 |       1 |   4.5
       D:10 |     318 |       0 |   0.0 |       9 |       0 |   0.0
     Lair:1 |    2557 |       0 |   0.0 |      13 |       0 |   0.0
            +---------+---------+-------+---------+---------+-------
